 Dungeon Crawl Stone Soup version 0.32-a0-43-g058985b245 (webtiles) character file.

Game seed: 5275244283902413334

4920 Ceno the Slicer (level 10, 0/96 HPs)
             Began as a Kobold Berserker on Feb 5, 2024.
             Was an Elder of Trog.
             Slain by a killer bee (5 damage)
             ... on level 8 of the Dungeon.
             The game lasted 00:36:05 (9912 turns).

Ceno the Slicer (Kobold Berserker)                  Turns: 9912, Time: 00:36:08

Health: 0/96       AC:  7    Str: 14    XL:     10   Next: 81%
Magic:  10/10      EV: 19    Int: 10    God:    Trog [****..]
Gold:   515        SH:  0    Dex: 18    Spells: 9/9 levels left

rFire   . . .        a - +0 dagger (drain)
rCold   + . .        (no shield)
rNeg    . . .        J - +0 steam dragon scales
rPois   .            q - +1 helmet
rElec   .            (no cloak)
rCorr   .            (no gloves)
SInv    .            (no boots)
Will    ++...        (no amulet) Stlth
                     D - ring of protection from cold
HPRegen 1.36/turn    (no ring)
MPRegen 0.12/turn

%: no passive effects
@: berserking, lethally poisoned (0 -> -1), strong-willed, regenerating, very
quick
A: small, no large weapons, nightstalker 3
a: Renounce Religion, Berserk, Trog's Hand, Brothers in Arms


You were on level 8 of the Dungeon.
You worshipped Trog.
Trog was greatly pleased with you.
You visited 2 branches of the dungeon, and saw 11 of its levels.
You also visited: Sewer.

You collected 515 gold pieces.

Inventory:

Hand Weapons
 a - a +0 dagger of draining (weapon)
 b - a +0 rapier
 y - a +0 short sword
 K - a +3 dagger
Missiles
 e - 57 stones (quivered)
 f - 5 atropa-tipped darts
 u - 7 poisoned darts
 x - 7 boomerangs
 I - a throwing net
Armour
 q - a +1 helmet (worn)
 s - the +3 buckler of Tortelloni {rCorr}
   (You found it on level 4 of the Dungeon)

   rCorr:     It protects you from acid and corrosion.
 J - +0 steam dragon scales (worn)
Jewellery
 c - a ring of ice
 D - a ring of protection from cold (left hand)
 H - an amulet of magic regeneration
Wands
 v - a wand of polymorph (10)
 G - a wand of flame (23)
Scrolls
 g - 3 scrolls of fear
 j - a scroll of blinking
 o - 4 scrolls of teleportation
 r - 2 scrolls of immolation {unknown}
 t - a scroll of vulnerability {unknown}
 w - a scroll of revelation
 z - a scroll of enchant armour {unknown}
 A - 2 scrolls of poison
 C - a scroll of amnesia
Potions
 d - 2 potions of attraction
 h - 5 potions of brilliance
 i - 4 potions of curing
 k - a potion of degeneration {unknown}
 l - 4 potions of heal wounds
 m - 3 potions of haste {unknown}
 n - 6 potions of might
 p - 5 potions of lignification
 B - a potion of cancellation {unknown}
 E - 2 potions of ambrosia {unknown}
 F - 2 potions of resistance {unknown}


   Skills:
 - Level 8.0 Fighting
 - Level 10.0 Short Blades
 + Level 6.8 Throwing
 + Level 2.5 Armour
 + Level 7.7 Dodging
 - Level 10.0 Stealth
 + Level 1.7 Shields


You had 9 spell levels left.
You didn't know any spells.
Your spell library was empty.

Dungeon Overview and Level Annotations

Branches:
Dungeon (10/15)            Temple (1/1) D:4           Sewer (visited)
   Lair: D:8-11         Orc: D:9-12

Altars:
Ashenzari
Cheibriados
Dithmenos
Fedhas
Gozag
Hepliaklqana
Kikubaaqudgha
Makhleb
Nemelex Xobeh
Okawaru
Qazlal
Ru
Sif Muna
Trog
Uskayaw
Vehumet
Wu Jian
Xom
Yredelemnul
The Shining One

Shops:
D:1 [   D:8 :

Annotations:
D:9 exclusion: hornet


Innate Abilities, Weirdness & Mutations

You are small and have problems with some larger weapons.
You are completely attuned to the shadows.


Message History

You feel very sick.
You feel very sick.
You feel very sick.
You feel sick.
You see here a howler monkey skeleton.
You feel very sick.
You feel sick. The killer bee misses you.
You feel sick. The killer bee stings you.
* * * LOW HITPOINT WARNING * * *
The killer bee closely misses you.
You feel sick.
The killer bee attacks as it pursues you!
The killer bee stings you.
* * * LOW HITPOINT WARNING * * *
You are more poisoned.
The killer bee poisons you! The killer bee misses you. x2
There is a stone staircase leading up here.
You feel very sick. The killer bee misses you.
The killer bee barely misses you. The killer bee completely misses you.
The killer bee stings you but does no damage.
The killer bee stings you.
* * * LOW HITPOINT WARNING * * *
You are lethally poisoned!
The killer bee poisons you!
You climb upwards.
* * * LOW HITPOINT WARNING * * *
You feel very sick.
There is a stone staircase leading down here.
Your skin crawls.
You feel strong-willed.
You feel sick. The killer bee barely misses you.
The killer bee closely misses you. x2; The killer bee misses you.
A red film seems to cover your vision as you go berserk!
You feel yourself moving faster!
You feel mighty!
You feel sick. The killer bee stings you.
* * * LOW HITPOINT WARNING * * *
The killer bee closely misses you. The killer bee misses you.
The killer bee stings you.
You die...

#...>#########...................
...............##..#.............
.....#############..#............
....## ##..##........## ##..#
###.....#...###### #..#
##.........### # #.##
###.......#....###### #.#
##.........###.....##. ##.#
###....@...>..####...... #..#
###......yy....[..#####...
#..#####..................## ##..
#...##.....................# #..
#..............#..)........## ##.
#...........####............# #..
............# ##...........###..
............## #............##..
.............## #........)...#...


You could see 2 killer bees.

Vanquished Creatures
  A two-headed ogre (D:9)
  A hornet (D:8)
  Prince Ribbit (D:8)
  Sigmund (D:3)
  3 steam dragons (D:8)
  A water moccasin (D:7)
  An orc warrior (D:7)
  A black bear (D:6)
  3 ice beasts
  A sky beast (D:7)
  2 phantoms
  4 bullfrogs
  4 scorpions
  2 gnoll sergeants
  13 wights
  2 howler monkeys
  2 lava snakes (D:7)
  A bombardier beetle (D:5)
  2 hounds
  2 jellies (Sewer)
  4 orc priests
  Ijyb (D:5)
  A gnoll bouda (D:8)
  4 orc wizards
  2 iguanas
  Robin (D:3)
  10 adders
  14 gnolls
  5 river rats
  2 shadow imps
  2 white imps (D:7)
  7 ribbon worms
  A dart slug (D:2)
  29 orcs
  9 ball pythons
  10 bats
  16 endoplasms
  10 giant cockroaches
  16 goblins
  13 hobgoblins
  5 quokkas
  12 frilled lizards
  10 kobolds
  10 rats
242 creatures vanquished.

Vanquished Creatures (collateral kills)
  4 killer bees (D:8)
  An orc (D:8)
5 creatures vanquished.

Grand Total: 247 creatures vanquished

Notes
Turn   | Place    | Note
-------+----------+-------------------------------------------
     0 | D:1      | Ceno the Kobold Berserker began the quest for the Orb.
     0 | D:1      | Reached XP level 1. HP: 14/14 MP: 1/1
    82 | D:1      | Reached skill level 1 in Stealth
    82 | D:1      | Reached XP level 2. HP: 19/19 MP: 2/2
   423 | D:1      | Reached XP level 3. HP: 16/23 MP: 3/3
   450 | D:1      | Found Rarphal's Armour Boutique.
   581 | D:1      | Reached ** piety under Trog
   594 | D:1      | Reached skill level 5 in Short Blades
   878 | D:2      | Reached XP level 4. HP: 29/29 MP: 4/4
  1494 | D:2      | Reached XP level 5. HP: 33/33 MP: 5/5
  1790 | D:3      | Noticed Sigmund
  2025 | D:3      | Found a faded altar of an unknown god.
  2302 | D:3      | Noticed Robin
  2322 | D:3      | Killed Robin
  2419 | D:3      | Reached *** piety under Trog
  2432 | D:3      | Found a hazy altar of Hepliaklqana.
  2669 | D:3      | Killed Sigmund
  2670 | D:3      | Reached XP level 6. HP: 39/39 MP: 6/6
  2739 | D:4      | Identified the +3 buckler of Tortelloni {rCorr}
  2764 | D:4      | Found a staircase to the Ecumenical Temple.
  2770 | Temple   | Entered the Ecumenical Temple
  2928 | D:4      | Reached XP level 7. HP: 44/44 MP: 7/7
  3167 | D:4      | Reached skill level 5 in Fighting
  3797 | D:5      | Entered Level 5 of the Dungeon
  3826 | D:5      | Noticed Ijyb
  3974 | D:5      | Reached skill level 5 in Stealth
  4314 | D:5      | Reached XP level 8. HP: 49/50 MP: 8/8
  4348 | D:5      | Killed Ijyb
  5455 | D:6      | Found a glowing drain.
  5482 | Sewer    | Entered a sewer
  5576 | Sewer    | Reached **** piety under Trog
  5601 | Sewer    | Reached skill level 10 in Short Blades
  5819 | Sewer    | Found a viscous altar of Jiyva.
  5952 | Sewer    | Reached skill level 1 in Throwing
  6103 | D:6      | Found a shadowy altar of Dithmenos.
  6123 | D:6      | Reached XP level 9. HP: 56/56 MP: 9/9
  7371 | D:7      | Reached skill level 5 in Dodging
  7860 | D:7      | Reached ***** piety under Trog
  7957 | D:7      | Reached XP level 10. HP: 57/64 MP: 10/10
  8013 | D:8      | Paralysed by a hornet for 1 turns
  8019 | D:8      | Reached skill level 5 in Throwing
  8161 | D:8      | Noticed Prince Ribbit
  8165 | D:8      | Killed Prince Ribbit
  8458 | D:8      | Identified the +7 longbow of Wu Jian's Delight {drain, rC+
                  | Will+}
  8590 | D:8      | Found Quesuff's Book Shop.
  8600 | D:8      | Reached skill level 10 in Stealth
  9374 | D:8      | Reached skill level 1 in Shields
  9548 | D:9      | Identified the +8 long sword of Peril {venom, +Blink rElec
                  | Will- Str+3}
  9746 | D:9      | Noticed a two-headed ogre
  9832 | D:9      | Killed a two-headed ogre
  9895 | D:10     | Entered Level 10 of the Dungeon
  9912 | D:8      | Slain by a killer bee

Illustrated notes

Levels and vault maps discovered:
D:1:      minmay_arrival_stair_chambers, layout_basic, serial_shops, shop
D:2:      layout_basic, st_stairs_7
D:3:      layout_basic, mainiacjoe_overflow_alcove_1,
          ebering_ecumenical_altar_rust, st_stairs_14, small_statue_alley_b,
          uniq_sigmund, uniq_robin
D:4:      layout_gridville, minmay_temple_entry_arrows
D:5:      layout_rooms, uniq_ijyb
D:6:      layout_basic, overflow_temple_1_default, portal_sewer_entry_a
D:7:      layout_basic, minmay_crystal_room, kennysheep_crisscross
D:8:      layout_cave_pods, serial_shops, shop, uniq_prince_ribbit1
D:9:      layout_cave_pools, chequers_serial_rivers_large_a
D:10:     layout_cave_pools, kennysheep_mini, mainiacjoe_overflow_catwalk,
          lair_entry_dummy
Temple:   mainiacjoe_temple_coin_purse

Skill      XL: |  1  2  3  4  5  6  7  8  9 10 |
---------------+-------------------------------+-----
Stealth        | 1 2 4 5 7 9 10 | 10.0
Short Blades   | 5 7 8 10 | 10.0
Fighting       | 4 5 6 7 8 |  8.0
Throwing       | 1 4 6 |  6.8
Dodging        | 3 5 7 |  7.7
Armour         | 2 |  2.5
Shields        | 1 |  1.7

Action                     |  1- 3 |  4- 6 |  7- 9 | 10-12 || total
---------------------------+-------+-------+-------+-------++-------
  Melee: Short sword       |    26 |       |       |       ||    26
         Dagger            |    67 |   147 |   266 |    11 ||   491
         Punch             |       |     2 |     7 |     2 ||    11
         Rapier            |       |       |   279 |   108 ||   387
  Throw: Dart              |       |       |    20 |     9 ||    29
         Stone             |       |       |    10 |       ||    10
         Boomerang         |       |       |     1 |       ||     1
 Invoke: Berserk           |     1 |     2 |     8 |     4 ||    15
         Trog's Hand       |       |       |     2 |     3 ||     5
         Brothers in Arms  |       |       |       |     1 ||     1
    Use: Scroll            |       |       |     7 |     6 ||    13
   Stab: Sleeping          |     8 |    20 |    17 |    10 ||    55
         Invisible         |       |       |     3 |       ||     3
         Distracted        |       |       |     2 |       ||     2
 Armour: Animal skin       |     5 |       |       |       ||     5
         Robe              |     4 |       |       |       ||     4
         Leather armour    |    13 |    39 |   160 |    25 ||   237
         Steam dragon scal |       |       |       |    27 ||    27
  Dodge: Dodged            |    57 |    68 |   239 |   119 ||   483

Table legend: (Time is in decaauts)
 A = Elapsed time spent in this place.
 B = Non-inter-level travel time spent in this place.
 C = Inter-level travel time spent in this place.
 D = Time resting spent in this place.
 E = Time spent auto-exploring this place.
 F = Levels seen in this place.
 G = Mean time per level.
                   A        B        C        D        E       F      G
               +--------+--------+--------+--------+--------+-----+--------+
         Total |   9747 |   9493 |    254 |   1156 |   4903 |  12 |  812.2 |
       Dungeon |   9199 |   8945 |    254 |    991 |   4817 |  10 |  919.9 |
        Temple |      1 |      1 |      0 |      0 |      0 |   1 |    1.0 |
         Sewer |    545 |    545 |      0 |    165 |     86 |   1 |  545.0 |
               +--------+--------+--------+--------+--------+-----+--------+

Top non-repeatable levels by time:
     D:8: 1426 daAuts
     D:7: 1309 daAuts
     D:4: 1268 daAuts
     D:5: 1148 daAuts
     D:3: 962 daAuts
     D:6: 925 daAuts
     D:2: 877 daAuts
     D:1: 836 daAuts
   Sewer: 545 daAuts
     D:9: 442 daAuts
    D:10: 4 daAuts
  Temple: 1 daAuts
